AoeStats
← joaquinlopezlopez90

Arena

510453157Analyzed
3v3 RM · 19h ago on Oct 1, 2026· 79m 55s· 6 players
Game mode
Random Map
Map size
Normal (6 player)
Population
200
Speed
Normal
Resources
Standard
Victory
Conquest
Starting age
Dark Age
Ending age
Imperial Age
RankedLock teamsTeams togetherTeam positionsShared explorationLock speedFull tech treeHidden civsTurbo modeCheats
Victory
Defeat
🇷🇺 Turks · Russia
888
+16
🇺🇸 Khitans · United States
872
+16
🇺🇸 Varangians · United States
843
+17
🇦🇷 Franks · Argentina
896
-17
🇦🇷 Italians · Argentina
889
-17
🇦🇷 Saxons · Argentina
851
-15
Sr. Claudio
10:42 Feudal Age
15:10 Castle Age
13:33 Double-Bit Axe
13:29 Horse Collar
13:42 Fletching
13:53 Padded Archer Armor
21:17 Heavy Plow
24:04 Gold Mining
24:35 Bow Saw
25:05 Crossbowman
28:08 Bodkin Arrow
28:28 Leather Archer Armor
30:58 Wheelbarrow
30:11 Town Watch
32:27 Ballistics
35:25 Imperial Age
33:21 Hand Cart
38:54 Ring Archer Armor
38:24 Bracer
39:33 Stone Mining
39:52 Elite Genoese Crossbowman
51:08 Masonry
51:12 Fortified Wall
51:57 Crop Rotation
54:06 Town Patrol
58:40 Chemistry
StuartLittle
10:35 Feudal Age
15:13 Castle Age
14:24 Double-Bit Axe
17:21 Loom
21:01 Scale Barding Armor
24:16 Husbandry
25:28 Wheelbarrow
24:58 Town Watch
26:19 Devotion
27:55 Bow Saw
28:29 Chain Barding Armor
28:55 Stone Mining
29:34 Pikeman
35:55 Imperial Age
33:52 Forging
35:23 Hand Cart
35:59 Cavalier
37:20 Conscription
37:39 Plate Barding Armor
37:40 Iron Casting
39:36 Paladin
41:31 Blast Furnace
40:41 Gold Mining
45:36 Gold Shaft Mining
49:22 Chivalry
58:53 Treadmill Crane
63:44 Light Cavalry
64:41 Fortified Wall
joaquinlopezlopez90
10:51 Feudal Age
10:56 Loom
16:29 Castle Age
14:59 Double-Bit Axe
20:43 Scale Mail Armor
20:59 Horse Collar
21:43 Gold Mining
24:18 Arson
24:34 Squires
32:16 Forging
32:23 Chain Mail Armor
35:57 Wheelbarrow
37:55 Imperial Age
36:16 Iron Casting
36:21 Bow Saw
36:00 Town Watch
36:02 Loom
37:40 Redemption
38:51 Onager
39:09 Shield Wall
41:45 Two-Man Saw
40:48 Heavy Plow
40:45 Stone Mining
41:31 Gold Shaft Mining
41:02 Elite Hearth Troop
45:16 Conscription
46:17 Hand Cart
46:43 Plate Mail Armor
46:41 Clerical Recruitment
49:00 Fletching
49:40 Block Printing
49:43 Bodkin Arrow
53:46 Bracer
AEC008
0:28 Loom
12:30 Feudal Age
13:14 Double-Bit Axe
14:07 Wheelbarrow
13:32 Stone Mining
14:36 Horse Collar
16:41 Forging
20:22 Castle Age
19:50 Gold Mining
21:19 Forging
21:31 Bow Saw
26:02 Iron Casting
28:09 Heavy Plow
28:20 Gambesons
31:12 Hand Cart
31:19 Scale Mail Armor
31:13 Pikeman
38:42 Imperial Age
36:16 Caravan
36:59 Chain Mail Armor
39:16 Heavy Scorpion
39:24 Elite Varangian Guard
40:58 Onager
42:20 Elite Jarl
45:05 Halberdier
47:21 Blast Furnace
46:52 Capped Ram
47:49 Vendel Legacy
49:42 Conscription
50:19 Plate Mail Armor
57:57 Siege Ram
73:43 Ballistics
Bruin878
15:11 Feudal Age
16:53 Loom
20:49 Castle Age
20:04 Domestication
20:14 Double-Bit Axe
20:24 Stone Mining
20:25 Gold Mining
21:13 Wheelbarrow
24:36 Hand Cart
28:03 Caravan
29:32 Pastoralism
29:51 Bow Saw
40:13 Imperial Age
37:58 Forging
37:55 Scale Barding Armor
37:27 Light Cavalry
38:09 Husbandry
40:28 Iron Casting
40:14 Chain Barding Armor
41:30 Conscription
41:33 Ordo Cavalry
41:26 Hussar
41:35 Heavy Camel Rider
42:30 Town Watch
43:26 Plate Barding Armor
48:43 Scale Mail Armor
49:44 Transhumance
50:29 Capped Ram
52:11 Chain Mail Armor
53:01 Ordo Cavalry
52:57 Siege Ram
55:19 Heavy Rocket Cart
59:26 Plate Mail Armor
59:33 Pikeman
60:14 Squires
60:00 Arson
69:15 Elite Fire Lancer
71:14 Elite Liao Dao
PigBenis
9:52 Feudal Age
11:13 Wheelbarrow
10:28 Double-Bit Axe
10:26 Horse Collar
17:51 Castle Age
23:52 Gold Mining
24:17 Stone Mining
25:00 Bloodlines
25:20 Bow Saw
27:32 Husbandry
31:00 Imperial Age
29:13 Fervor
30:50 Scale Barding Armor
31:04 Hand Cart
31:19 Loom
31:52 Forging
34:33 Two-Man Saw
33:37 Heavy Camel Rider
37:45 Chain Barding Armor
37:26 Padded Archer Armor
40:52 Plate Barding Armor
42:26 Elite Janissary
45:33 Leather Archer Armor
45:54 Iron Casting
45:10 Fletching
45:21 Scale Mail Armor
48:07 Artillery
48:30 Heavy Plow
50:42 Blast Furnace
50:13 Ring Archer Armor
49:59 Chain Mail Armor
52:09 Ballistics
51:35 Arrowslits
53:45 Bodkin Arrow
59:33 Murder Holes
59:50 Masonry
59:22 Treadmill Crane
60:25 Gold Shaft Mining
Connection lost

Rejoining the realm…

Still unreachable

The connection could not be restored.

Session expired

The server has moved on; the page needs a fresh start.